 Dungeon Crawl Stone Soup version 0.20.1-1-g8b1a95d (webtiles) character file.

77 KingStallion the Magician (level 4, -2/32 HPs)
             Began as a Barachi Wizard on Aug 10, 2017.
             Slain by an adder (5 damage)
             ... on level 2 of the Dungeon.
             The game lasted 00:06:18 (1761 turns).

KingStallion the Magician (Barachi Wizard)          Turns: 1761, Time: 00:06:19

Health: -2/32      AC:  4    Str: 10    XL:     4   Next: 33%
Magic:  9/9        EV: 12    Int: 18    God:
Gold:   76         SH:  0    Dex: 10    Spells: 7/10 levels left

rFire    . . .     SeeInvis .   a - +0 short sword
rCold    . . .     Gourm    .   (no shield)
rNeg     . . .     Faith    .   q - +0 leather armour
rPois    .         Spirit   .   b - +0 hat
rElec    .         Reflect  .   (no cloak)
rCorr    .         Harm     .   s - +0 pair of gloves
MR       .....                  (no boots)
Stlth    +.........             (no amulet)
Regen    0.1/turn               (no ring)
MPRegen  0.2/turn               (no ring)

@: lethally poisoned (-2 -> -5), slow
A: +LOS, swims, slowness 1, strong legs 1
a: Hop


You were on level 2 of the Dungeon.
You were hungry.

You visited 1 branch of the dungeon, and saw 2 of its levels.

You collected 76 gold pieces.

Inventory:

Hand Weapons
 a - a +0 short sword (weapon)
 h - a +0 club
Armour
 b - a +0 hat (worn)
 p - a +0 scale mail
 q - a +0 leather armour (worn)
 s - a +0 pair of gloves (worn)
Scrolls
 e - a scroll of random uselessness {unknown}
 f - 3 scrolls of identify {unknown}
 g - a scroll of blinking {unknown}
 l - a scroll of remove curse {unknown}
 n - a scroll of amnesia {unknown}
 r - a scroll of teleportation {unknown}
Potions
 m - a potion of magic {unknown}
Books
 c - a book of Minor Magic

   Spells                             Type                      Level
   a - Magic Dart                     Conjuration                  1
   b - Blink                          Translocation                2
   c - Call Imp                       Summoning                    2
   d - Slow                           Hexes                        2
   e - Conjure Flame                  Conjuration/Fire             3
   f - Mephitic Cloud                 Conjuration/Poison/Air       3
Comestibles
 d - a bread ration
 k - a meat ration
 o - 4 chunks of flesh


   Skills:
 * Level 1.2 Fighting
 + Level 1.3 Short Blades
 * Level 0.5 Armour
 + Level 2.9 Dodging
 + Level 1.9 Stealth
 + Level 0.2 Unarmed Combat
 + Level 3.9 Spellcasting
 - Level 1.1 Conjurations
 * Level 1.9 Summonings
   Level 1.1 Translocations


You had 7 spell levels left.
You knew the following spells:

 Your Spells              Type           Power        Failure   Level  Hunger
a - Magic Dart            Conj           #...         13%         1    None
b - Call Imp              Summ           ##......     14%         2    ##.....


Dungeon Overview and Level Annotations

Branches:
Dungeon (2/15)

Altars:
Uskayaw


Innate Abilities, Weirdness & Mutations

Shadows flee at your approach. (+LOS)
You can swim through water.
You cover ground slowly.
You can hop short distances.


Message History

You closely miss the adder.
The adder is almost dead.
The quokka barely misses you. The adder closely misses you.
Your shadow imp closely misses the adder.
The quokka bites you.
Your shadow imp disappears in a puff of smoke!
The quokka barely misses you. The adder bites you. The quokka bites you.
The quokka barely misses you. The adder bites you. The quokka bites you.
The adder closely misses you.
You miss the quokka. The quokka closely misses you. The adder bites you.
* * * LOW HITPOINT WARNING * * *
You are poisoned.
The adder poisons you!
You miss the adder.
The adder is almost dead.
You feel sick. The adder barely misses you. The quokka bites you.
* * * LOW HITPOINT WARNING * * *
It was a potion of cancellation.
You feel magically purged. The adder bites you.
You die...

####.######.##..(.......#
............##..........# ####
.###...###...........(.)######...
........................รท...>.(##
.......##.).)...##..##.##.#..).#
#########.......##......#.#....#
#.....(.##'######.+....#
#......S.........##....#
####...r@........ #....#
..........[!..%.. #.....
#..........?...... #...###
#................. #...#
#....##.###'###### #.... #.. .#
#.... ##' .. #... . ... ..


You could see an adder and a quokka.

Vanquished Creatures
  2 adders (D:2)
  2 oozes (D:1)
  A worm (D:2)
  2 dart slugs
  7 leopard geckos
  3 goblins (D:1)
  4 hobgoblins
  A jackal (D:1)
  5 kobolds
  2 bats
  A frilled lizard (D:2)
  5 rats
35 creatures vanquished.

Vanquished Creatures (collateral kills)
  5 jackals
5 creatures vanquished.

Grand Total: 40 creatures vanquished

Notes
Turn   | Place    | Note
-------+----------+-------------------------------------------
     0 | D:1      | KingStallion the Barachi Wizard began the quest for the Orb.
     0 | D:1      | Reached XP level 1. HP: 13/13 MP: 4/4
   354 | D:1      | Reached XP level 2. HP: 13/20 MP: 1/6
   406 | D:1      | Learned a level 2 spell: Call Imp
   617 | D:1      | Reached XP level 3. HP: 14/25 MP: 8/8
  1432 | D:2      | Reached skill level 1 in Fighting
  1438 | D:2      | Reached XP level 4. HP: 31/32 MP: 9/9
  1444 | D:2      | Found a hide-covered altar of Uskayaw.
  1498 | D:2      | Reached skill level 1 in Short Blades
  1761 | D:2      | Slain by an adder

Skill      XL: |  1  2  3  4 |
---------------+-------------+-----
Fighting       | 1 |  1.2
Short Blades   | 1 |  1.3
Armour         | |  0.5
Dodging        | |  2.9
Stealth        | |  1.9
Unarmed Combat | |  0.2
Spellcasting   | |  3.9
Conjurations   | |  1.1
Summonings     | |  1.9
Translocations | |  1.1

Action                   |  1- 3 |  4- 6 || total
-------------------------+-------+-------++-------
Melee: Unarmed           |    19 |       ||    19
       Short sword       |    74 |    55 ||   129
 Cast: Magic Dart        |    28 |     4 ||    32
       Call Imp          |     3 |     4 ||     7
  Use: Potion            |       |     1 ||     1
 Stab: Sleeping          |     5 |     1 ||     6
  Eat: Chunk             |     2 |     1 ||     3
Armor: Robe              |    21 |       ||    21
       Leather armour    |       |    14 ||    14
Dodge: Dodged            |    71 |    48 ||   119
